 Dungeon Crawl Stone Soup version 0.31-a0-844-gdc52ec4e09 (webtiles) character file.

Game seed: 18207268342631383862

278 Newt the Trooper (level 6, 0/48 HPs)
             Began as a Demonspawn Gladiator on Sept 29, 2023.
             Killed by divine providence
             ... invoked by an orc priest
              (13 damage)
             ... on level 4 of the Dungeon.
             The game lasted 00:03:56 (3510 turns).

Newt the Trooper (Demonspawn Gladiator)             Turns: 3510, Time: 00:03:57

Health: 0/48       AC:  7    Str: 17    XL:     6   Next: 5%
Magic:  6/6        EV: 12    Int:  9    God:
Gold:   166        SH:  4    Dex: 14    Spells: 4/5 levels left

rFire   + . .        a - +0 rapier
rCold   . . .        (no shield)
rNeg    . . .        b - +0 leather armour
rPois   .            c - +0 helmet
rElec   .            q - +2 cloak
rCorr   +            (no gloves)
SInv    .            (no boots)
Will    .....        h - amulet of the acrobat
Stlth   +            f - ring of resist corrosion
HPRegen 0.28/turn    m - ring of wizardry
MPRegen 0.10/turn

%: acrobat, wizardry (x1)
@: lethally poisoned (0 -> -5)
A: claws 1, demonic guardian 1, condensation shield, hooves 1, fire resistance 1
a: no special abilities


You were on level 4 of the Dungeon.
You visited 1 branch of the dungeon, and saw 4 of its levels.

You collected 166 gold pieces.

Inventory:

Hand Weapons
 a - a +0 rapier (weapon)
Missiles
 d - a throwing net
 e - 2 javelins
 j - 6 boomerangs
 s - 3 poisoned darts (quivered)
Armour
 b - a +0 leather armour (worn)
 c - a +0 helmet (worn)
 q - a +2 cloak (worn)
Jewellery
 f - a ring of resist corrosion (left claw)
 h - an amulet of the acrobat (around neck)
 m - a ring of wizardry (right claw)
Wands
 l - a wand of polymorph (4)
Potions
 g - a potion of mutation
 i - a potion of heal wounds
 k - 2 potions of curing
 p - a potion of cancellation {unknown}


   Skills:
 - Level 4.0 Fighting
 - Level 4.0 Short Blades
 - Level 1.7 Throwing
 + Level 3.2 Armour
 - Level 2.6 Dodging


You had 4 spell levels left.
You knew the following spells:

 Your Spells              Type           Power      Damage    Failure   Level
a - Summon Small Mammal   Summ           0%         N/A       19%         1

Your spell library contained the following spells:

 Spells                   Type           Power      Damage    Failure   Level
 Kiss of Death            Conj/Necr      0%         2d5       19%         1
 Call Canine Familiar     Summ           0%         N/A       47%         3
 Confusing Touch          Hex            0%         N/A       47%         3
 Summon Guardian Golem    Hex/Summ       0%         N/A       47%         3
 Dispel Undead            Necr           0%         3d6       86%         4


Dungeon Overview and Level Annotations

Branches:
Dungeon (4/15)
 Temple: D:4-7

Altars:
Ashenzari


Innate Abilities, Weirdness & Mutations

You have sharp fingernails.
A weak demonic guardian rushes to your aid.
A meltable shield of frost defends you. (SH +4)
You have large cloven feet.
Your flesh is heat resistant. (rF+)


Message History

The orc's wounds heal themselves!
Your iron imp hits the orc.
The orc hits your iron imp but does no damage.
You block the orc's attack.
The orc priest looks braver for a moment.
Unknown command.
Throw: 3 javelins
Press: ? - help, Shift-Dir - straight line, f/p - iguana
Aim: an iguana (lightly wounded, 61% to hit)
You throw a javelin.
The javelin pierces through the orc priest!
The orc priest is almost dead.
The javelin barely misses the jackal.
The javelin pierces through the iguana.
The iguana is heavily wounded.
Your iron imp hits the orc.
The orc hits your iron imp with a +2 short sword of venom.
The orc completely misses you. The orc priest misses you.
The orc priest hits your iron imp with a +1 heavy hand axe!
Your iron imp dies!
Your iron imp disappears in a puff of smoke!
The orc hits you but does no damage.
Unknown command.
You closely miss the orc priest. You kick the orc priest.
The orc priest is almost dead.
The orc priest hits you but does no damage.
The orc barely misses you. The orc closely misses you.
Unknown command.
You hit the orc priest but do no damage.
You kick the orc priest, but do no damage.
The orc priest is almost dead.
The orc hits you but does no damage.
You are poisoned.
The orc hits you with a +0 flail.
Unknown command.
You closely miss the orc. You kick the orc.
The orc is almost dead.
You feel sick.
The orc priest calls down the wrath of Beogh upon you.
Beogh smites you!
You die...

#.(.....#.###.#
#.........###..
######......##.###.. .
##.....>.....##......
(.##.(.##.....#.#######.
#.....#.#.#.#.#.# .
#....#h#........#
###..loo..#.....#.
#....ho@..........#
#.##########...####
##.## .# .# .. #


You could see an iguana, an orc priest, 2 orcs and 2 jackals.

Vanquished Creatures
  Menkaure (D:4)
  Natasha (twice) (D:3)
  An adder (D:3)
  2 worms (D:2)
  An orc (D:3)
  7 ball pythons
  8 endoplasms
  2 giant cockroaches (D:2)
  6 goblins
  8 hobgoblins
  3 jackals (D:1)
  2 kobolds
  5 quokkas
  3 bats
  4 frilled lizards
  8 rats
63 creatures vanquished.

Vanquished Creatures (collateral kills)
  Natasha (D:3)
1 creature vanquished.

Grand Total: 64 creatures vanquished

Notes
Turn   | Place    | Note
-------+----------+-------------------------------------------
     0 | D:1      | Newt the Demonspawn Gladiator began the quest for the Orb.
     0 | D:1      | Reached XP level 1. HP: 16/16 MP: 1/1
   107 | D:1      | Gained mutation: A meltable shield of frost defends you.
                  | (SH +4) [demonic ancestry]
   107 | D:1      | Reached XP level 2. HP: 11/23 MP: 2/2
   493 | D:1      | Reached XP level 3. HP: 27/29 MP: 3/3
   863 | D:2      | Found a faded altar of an unknown god.
  1732 | D:3      | Learned a level 1 spell: Summon Small Mammal
  1830 | D:3      | Noticed Natasha
  1838 | D:3      | Killed Natasha
  1839 | D:3      | Gained mutation: A weak demonic guardian rushes to your
                  | aid. [demonic ancestry]
  1839 | D:3      | Reached XP level 4. HP: 17/37 MP: 4/4
  2364 | D:3      | Noticed Natasha
  2380 | D:3      | Killed Natasha
  2653 | D:3      | Noticed Natasha
  2670 | D:3      | Killed Natasha
  2671 | D:3      | Reached skill level 1 in Armour
  2671 | D:3      | Discovered your monstrous ancestry.
  2671 | D:3      | Gained mutation: You have sharp fingernails. [demonic
                  | ancestry]
  2671 | D:3      | Reached XP level 5. HP: 22/42 MP: 5/5
  3220 | D:4      | Found a broken altar of Ashenzari.
  3223 | D:4      | Noticed Menkaure
  3235 | D:4      | Killed Menkaure
  3236 | D:4      | Reached XP level 6. HP: 15/48 MP: 6/6
  3467 | D:4      | Gained mutation: Your body sometimes deteriorates upon
                  | taking damage. [potion of mutation]
  3467 | D:4      | Gained mutation: You are vulnerable to heat. (rF-) [potion
                  | of mutation]
  3467 | D:4      | Gained mutation: You are resistant to electric shocks.
                  | (rElec) [potion of mutation]
  3468 | D:4      | Lost mutation: You are resistant to electric shocks.
                  | (rElec) [potion of mutation]
  3468 | D:4      | Lost mutation: You are vulnerable to heat. (rF-) [potion of
                  | mutation]
  3468 | D:4      | Lost mutation: Your body sometimes deteriorates upon taking
                  | damage. [potion of mutation]
  3468 | D:4      | Gained mutation: Your flesh is heat resistant. (rF+)
                  | [potion of mutation]
  3468 | D:4      | Gained mutation: You have large cloven feet. [potion of
                  | mutation]
  3510 | D:4      | Killed from afar by an orc priest

Illustrated notes

Levels and vault maps discovered:
D:1:      dpeg_arrival_simpleton_b, layout_rooms
D:2:      layout_basic, dreamdust_ecumenical_altar_grove
D:3:      layout_loops_ring, minmay_misc_feat_secret_circle,
          minmay_shallow_snake_nest, uniq_natasha
D:4:      layout_loops_ring, nicolae_wu_jian_immortal_techniques,
          cheibrodos_ashenzari_chains, mainiacjoe_overflow_24_doors,
          uniq_menkaure, uniq_sigmund

Skill      XL: |  1  2  3  4  5 |
---------------+----------------+-----
Fighting       | 3 4 |  4.0
Short Blades   | 3 4 |  4.0
Armour         | 1 3 |  3.2
Throwing       | |  1.7
Dodging        | |  2.6

Action                     |  1- 3 |  4- 6 || total
---------------------------+-------+-------++-------
  Melee: Rapier            |   134 |    82 ||   216
         Kick              |       |     6 ||     6
  Throw: Javelin           |     2 |     4 ||     6
         Throwing net      |     1 |     6 ||     7
         Dart              |       |     1 ||     1
    Use: Scroll            |     2 |     4 ||     6
         Potion            |       |     3 ||     3
   Stab: Sleeping          |     3 |       ||     3
         Held in net/web   |     1 |     2 ||     3
 Armour: Leather armour    |    49 |    45 ||    94
  Dodge: Dodged            |    69 |    54 ||   123
  Block: Other             |    21 |    21 ||    42

Table legend: (Time is in decaauts)
 A = Elapsed time spent in this place.
 B = Non-inter-level travel time spent in this place.
 C = Inter-level travel time spent in this place.
 D = Time resting spent in this place.
 E = Time spent auto-exploring this place.
 F = Levels seen in this place.
 G = Mean time per level.
                   A        B        C        D        E       F      G
               +--------+--------+--------+--------+--------+-----+--------+
         Total |   3520 |   3444 |     76 |   1374 |   1557 |   4 |  880.0 |
       Dungeon |   3520 |   3444 |     76 |   1374 |   1557 |   4 |  880.0 |
               +--------+--------+--------+--------+--------+-----+--------+

Top non-repeatable levels by time:
     D:3: 1663 daAuts
     D:2: 839 daAuts
     D:1: 671 daAuts
     D:4: 344 daAuts
